 Dungeon Crawl Stone Soup version 0.28.0-53-g5a82cb258f (webtiles) character file.

Game seed: 13429707480435634400

7625 cbfl8 the Cleaver (level 10, 0/91 HPs)
             Began as a Minotaur Berserker on July 26, 2022.
             Was an Elder of Trog.
             Killed from afar by an efreet (19 damage)
             ... with a fireball
             ... on level 9 of the Dungeon.
             The game lasted 00:15:18 (10654 turns).

cbfl8 the Cleaver (Minotaur Berserker)             Turns: 10654, Time: 00:15:19

Health: 0/91       AC: 22    Str: 30    XL:     10   Next: 98%
Magic:  0/9        EV: 11    Int:  7    God:    Trog [****..]
Gold:   547        SH:  0    Dex: 17    Spells: 9/9 levels left

rFire   . . .      SeeInvis .   m - +0 war axe
rCold   . . .      Faith    .   (no shield)
rNeg    . . .      Spirit   +   c - +0 plate armour
rPois   .          Reflect  .   j - +2 hat {Int+3}
rElec   .          Harm     .   w - +0 cloak
rCorr   .          Rampage  .   (no gloves)
Will    +....                   A - +0 pair of boots
Stlth   ..........              p - amulet of guardian spirit
HPRegen 0.25/turn               l - ring "Souczog" {Will+ Str+4 Dex+4}
MPRegen 0.11/turn               v - ring "Puarumice" {AC+4 Str+3}

@: on berserk cooldown
A: horns 2, retaliatory headbutt
a: Renounce Religion, Berserk, Trog's Hand, Brothers in Arms


You were on level 9 of the Dungeon.
You worshipped Trog.
Trog was greatly pleased with you.
You visited 1 branch of the dungeon, and saw 9 of its levels.

You collected 547 gold pieces.

Inventory:

Hand Weapons
 m - a +0 war axe (weapon)
Armour
 c - a +0 plate armour (worn)
 j - a +2 hat of intelligence (worn)
 w - a +0 cloak (worn)
 A - a +0 pair of boots (worn)
Jewellery
 f - a ring of fire
 l - the ring "Souczog" (left hand) {Will+ Str+4 Dex+4}
   (You found it on level 6 of the Dungeon)

   [ring of willpower]

   Str:       It affects your strength (+4).
   Dex:       It affects your dexterity (+4).
   Will:      It increases your willpower.
 p - an amulet of guardian spirit (around neck)
 v - the ring "Puarumice" (right hand) {AC+4 Str+3}
   (You found it on level 5 of the Dungeon)

   [ring of protection]

   AC:        It affects your AC (+4).
   Str:       It affects your strength (+3).
 z - an amulet of faith
Wands
 g - a wand of polymorph (16)
 r - a wand of mindburst (22) (quivered)
 D - a wand of flame (14)
Scrolls
 b - a scroll of teleportation {unknown}
 h - 3 scrolls of noise
 o - 2 scrolls of fear
 q - a scroll of enchant armour {unknown}
 s - 2 scrolls of enchant weapon
 x - 2 scrolls of holy word
 y - a scroll of amnesia {unknown}
Potions
 a - 5 potions of curing
 d - a potion of resistance {unknown}
 e - a potion of might {unknown}
 k - a potion of mutation {unknown}
 t - 2 potions of lignification {unknown}
 u - 2 potions of brilliance {unknown}
 B - a potion of attraction {unknown}


   Skills:
 * Level 9.6 Fighting
 + Level 11.4 Axes
 + Level 8.2 Armour
 * Level 7.1 Dodging
 * Level 5.5 Stealth
 * Level 4.8 Evocations


You had 9 spell levels left.
You didn't know any spells.
Your spell library was empty.

Dungeon Overview and Level Annotations

Branches:
Dungeon (9/15)             Temple (0/1) D:4             Orc (0/2) D:9
   Lair: D:8-11

Altars:
Cheibriados
Dithmenos
Gozag
Hepliaklqana
Kikubaaqudgha
Makhleb
Sif Muna
Uskayaw
Vehumet
Xom
Zin

Shops:
D:7 ([

Annotations:
D:9 2 exclusions


Innate Abilities, Weirdness & Mutations

You have a pair of horns on your head.
You reflexively headbutt those who attack you in melee.


Message History

The efreet hits you with a +2 scimitar of flaming.
The efreet burns you.
You turn to flesh and can move again.
You barely miss the manticore. You headbutt the manticore!
The manticore is almost dead.
You hit the efreet.
You are no longer berserk.
You are exhausted.
You feel yourself slow down. The manticore closely misses you.
The manticore claws you but does no damage. x2
Blink to where?
Press: ? - help, Dir - move target
As you read the scroll of blinking, it crumbles to dust.
The efreet gestures at you.
The fireball explodes!
The fireball engulfs you but does no damage.
Blink to where?
Press: ? - help, Dir - move target
As you read the scroll of blinking, it crumbles to dust.
Okay, then.
You fade into invisibility!
The efreet gestures at you. x2
The efreet gestures at something.
The fireball explodes!
The fireball engulfs you!
* * * LOW HITPOINT WARNING * * *
There is an open door here.
An efreet is nearby!
You see here a book of Cantrips.
You close the door.
An efreet opens the door.
The efreet gestures at something.
The efreet gestures at you. The bolt of fire misses you.
The efreet gestures at you. The bolt of fire misses you.
You flicker for a moment.
You feel yourself speed up.
You flicker back into view.
The efreet gestures at you.
The fireball explodes!
The fireball engulfs you!!
You die...

#...##○☼.......##......#.........
.....#R#########.................
.....##.....○###....#.##.........
..##..#######○#...#.#.##.........
#.##..##....R##...#.#.###..####.#
#..#...#.#####...)#)#.#...## #.#
##.#...##..###...).)#.#.### #.#
#.......###.#...>#.##...# #.#
....###.##°##...@..##.### #.#
###..##..#○#.H...##...# ####.#
###......#○#..°.....#.######.....
).........:.°R....###.##.........
...........°......##.....###.....
##.##.................#### #.....
##.................##.##########.
......#..#..###............#####.
#######.###......................


You could see a manticore and an efreet.

Vanquished Creatures
  Gastronok (D:8)
  A two-headed ogre (D:9)
  A death knight (D:9)
  Pikel (D:8)
  A gargoyle (D:9)
  A troll (D:9)
  A hornet (D:7)
  A wyvern (D:9)
  5 yaks (D:7)
  2 basilisks (D:9)
  A steam dragon (D:8)
  2 water moccasins (D:6)
  An ice beast (D:7)
  2 black bears
  An orc warrior (D:6)
  A sky beast (D:7)
  A necrophage (D:8)
  An ogre (D:6)
  A centaur (D:8)
  A phantom (D:4)
  3 lemures (D:8)
  2 kobold brigands
  4 bullfrogs
  2 wyvern zombies
  4 scorpions
  6 killer bees (D:7)
  A howler monkey (D:6)
  5 wights (D:9)
  3 jellies
  Crazy Yiuf (D:5)
  4 orc priests
  A hound (D:7)
  Jessica (D:2)
  Terence (D:2)
  3 iguanas
  8 orc wizards
  A killer bee zombie (D:8)
  2 howler monkey zombies (D:7)
  8 adders
  A white imp (D:5)
  An ufetubus (D:6)
  3 worms
  4 dart slugs
  31 orcs
  7 bats
  7 endoplasms
  5 giant cockroaches
  2 goblins
  5 hobgoblins
  2 jackals (D:4)
  19 kobolds
  3 quokkas
  8 ball pythons
  3 frilled lizards
  6 rats
194 creatures vanquished.

Notes
Turn   | Place    | Note
-------+----------+-------------------------------------------
     0 | D:1      | cbfl8 the Minotaur Berserker began the quest for the Orb.
     0 | D:1      | Reached XP level 1. HP: 19/19 MP: 0/0
   241 | D:1      | Reached skill level 4 in Axes
   241 | D:1      | Reached XP level 2. HP: 23/27 MP: 1/1
   586 | D:1      | Reached ** piety under Trog
  1018 | D:2      | Reached XP level 3. HP: 33/33 MP: 2/2
  1117 | D:2      | Noticed Terence
  1136 | D:2      | Killed Terence
  1369 | D:2      | Reached skill level 1 in Stealth
  1428 | D:2      | Reached XP level 4. HP: 41/41 MP: 3/3
  1744 | D:2      | Found a faded altar of an unknown god.
  1787 | D:2      | Noticed Jessica
  1798 | D:2      | Killed Jessica
  1799 | D:2      | Reached skill level 5 in Fighting
  2244 | D:3      | Reached XP level 5. HP: 48/48 MP: 4/4
  2246 | D:3      | Reached skill level 5 in Axes
  2648 | D:3      | Found a glowing silver altar of Zin.
  2648 | D:3      | Found a shimmering blue altar of Sif Muna.
  2648 | D:3      | Found a shimmering altar of Xom.
  2948 | D:4      | Found a staircase to the Ecumenical Temple.
  3002 | D:4      | Noticed a black bear
  3009 | D:4      | Killed a black bear
  3010 | D:4      | Reached XP level 6. HP: 56/56 MP: 5/5
  3073 | D:4      | Reached *** piety under Trog
  3158 | D:4      | Reached skill level 6 in Axes
  3661 | D:4      | Reached XP level 7. HP: 62/62 MP: 6/6
  4267 | D:5      | Entered Level 5 of the Dungeon
  4817 | D:5      | Reached skill level 1 in Evocations
  5356 | D:5      | Identified the ring "Puarumice" {AC+4 Str+3}
  5358 | D:5      | Found a burning altar of Makhleb.
  5508 | D:5      | Found a runed translucent door.
  5509 | D:5      | Noticed Crazy Yiuf
  5567 | D:5      | Killed Crazy Yiuf
  5991 | D:6      | Reached skill level 5 in Armour
  5991 | D:6      | Reached XP level 8. HP: 71/71 MP: 7/7
  6065 | D:6      | Reached skill level 7 in Axes
  6473 | D:6      | Reached **** piety under Trog
  6552 | D:6      | Identified the ring "Souczog" {Will+ Str+4 Dex+4}
  6935 | D:6      | Reached skill level 5 in Dodging
  7031 | D:6      | Reached skill level 8 in Axes
  7144 | D:7      | Found Kikiet's Antique Weapon Emporium.
  7169 | D:7      | Found a hazy altar of Hepliaklqana.
  7171 | D:7      | Found a snail-covered altar of Cheibriados.
  7198 | D:7      | Found a shadowy altar of Dithmenos.
  7200 | D:7      | Found a radiant altar of Vehumet.
  7236 | D:7      | Found Fagos's Antique Armour Shop.
  7261 | D:7      | Reached XP level 9. HP: 79/79 MP: 8/8
  7342 | D:7      | Found an opulent altar of Gozag.
  7413 | D:7      | Reached skill level 9 in Axes
  7532 | D:7      | Found an ancient bone altar of Kikubaaqudgha.
  8502 | D:8      | Noticed Gastronok
  8520 | D:8      | Killed Gastronok
  8521 | D:8      | Reached skill level 10 in Axes
  8521 | D:8      | Reached XP level 10. HP: 88/90 MP: 5/9
  8743 | D:8      | Noticed Pikel
  8760 | D:8      | Killed Pikel
  8761 | D:8      | Reached skill level 5 in Stealth
  9570 | D:9      | Noticed a two-headed ogre
  9577 | D:9      | Killed a two-headed ogre
  9671 | D:9      | Found a hide-covered altar of Uskayaw.
 10067 | D:9      | Reached skill level 11 in Axes
 10452 | D:9      | Found a staircase to the Orcish Mines.
 10558 | D:9      | Noticed a death knight
 10558 | D:9      | Noticed a gargoyle
 10570 | D:9      | Killed a death knight
 10592 | D:9      | Killed a gargoyle
 10608 | D:9      | Noticed a manticore
 10654 | D:9      | Killed from afar by an efreet

Illustrated notes

Levels and vault maps discovered:
D:1:      eino_arrival_tree_alley, layout_basic, serial_bayou_pond_e,
          minmay_close_crescents
D:2:      layout_loops_ring, shapermc_ecumenical_altar_petra, uniq_jessica,
          uniq_terence
D:3:      layout_basic, chequers_temple_overflow_statue_of_worship
D:4:      layout_basic, temple_statues, minmay_bent
D:5:      black_bear_nest_1, layout_gridville, bloody_makhleb,
          grunt_ministairs_11, uniq_crazy_yiuf_cottage
D:6:      layout_loops_ring
D:7:      layout_layer_cave, lemuel_crystal_altar, grunt_temple_overflow_open,
          serial_shops, shop, shop, hangedman_decor_growths, minmay_fountain_box
D:8:      layout_cave_pools, minivault_5, chequers_serial_rivers_micro_e,
          uniq_pikel, uniq_gastronok
D:9:      minmay_the_grid_triangle_9x9_recursive_2
          [minmay_the_grid_triangle_9x9_prize_schism,
          minmay_the_grid_triangle_9x9_corrupted_corridor,
          minmay_the_grid_triangle_9x9_limited_checkers,
          minmay_the_grid_triangle_9x9_impossible_snake], layout_rooms,
          mainiacjoe_overflow_small_starburst, chequers_serial_rivers_micro_a

Skill      XL: |  1  2  3  4  5  6  7  8  9 10 |
---------------+-------------------------------+-----
Axes           | 4 5 6 8 10 11 | 11.4
Fighting       | 4 5 6 7 8 9 |  9.6
Stealth        | 1 2 3 4 5 |  5.5
Armour         | 3 5 6 7 8 |  8.2
Dodging        | 3 4 5 6 7 |  7.1
Evocations     | 1 2 4 |  4.8

Action                   |  1- 3 |  4- 6 |  7- 9 | 10-12 || total
-------------------------+-------+-------+-------+-------++-------
Melee: Hand axe          |    55 |    86 |       |       ||   141
       Headbutt          |     7 |    14 |    37 |    23 ||    81
       Punch             |     1 |     2 |     2 |     1 ||     6
       War axe           |       |    38 |   188 |   103 ||   329
Invok: Berserk           |     1 |     5 |     6 |     5 ||    17
       Brothers in Arms  |       |       |       |     1 ||     1
Evoke: Wand              |       |       |       |     5 ||     5
  Use: Scroll            |       |       |     7 |     5 ||    12
       Potion            |       |       |       |     1 ||     1
 Stab: Distracted        |       |       |       |     1 ||     1
Armor: Animal skin       |     5 |       |       |       ||     5
       Chain mail        |     4 |    91 |    35 |       ||   130
       Plate armour      |       |       |    80 |    97 ||   177
Dodge: Dodged            |    27 |    53 |    93 |    65 ||   238
